 Dungeon Crawl Stone Soup version 0.28.0-45-g0d030f2227 (webtiles) character file.

Game seed: 1643757993801463261

28448 101zpm the Thaumaturge (level 13, 0/76 HPs)
             Began as a Vampire Ice Elementalist on Apr 12, 2022.
             Was an Elder of Hepliaklqana.
             Slain by Saint Roka
             ... wielding a +2 war axe of venom
              (16 damage)
             ... on level 2 of the Orcish Mines.
             The game lasted 02:33:03 (27592 turns).

101zpm the Thaumaturge (Vampire Ice Elementalist)  Turns: 27592, Time: 02:33:03

Health: 0/76       AC: 19    Str:  7    XL:     13   Next: 9%
Magic:  0/30       EV: 19    Int: 22    God:    Hepliaklqana [****..]
Gold:   1496       SH:  0    Dex: 15    Spells: 21/38 levels left

rFire   + . .      SeeInvis +   T - +4 scimitar (flame)
rCold   + + .      Faith    .   (no shield)
rNeg    . . .      Spirit   .   D - +0 steam dragon scales
rPois   .          Reflect  .   w - +2 helmet
rElec   .          Harm     .   X - scarf {rC+ rF+}
rCorr   .          Rampage  .   i - +0 pair of gloves
Will    +....                   g - +0 pair of boots
Stlth   +++.......              x - amulet of the acrobat
HPRegen 0.42/turn               j - +4 ring of evasion
MPRegen 0.22/turn               R - ring of protection from cold

@: ice-armoured, healing quickly
A: reduced essence, alive, fangs 3, see invisible, vampiric 2
a: Exsanguinate, Renounce Religion, Ancestor Life: Knight, Ancestor Life:
Battlemage, Ancestor Life: Hexer, Recall Ancestor, Ancestor Identity,
Transference, Idealise


You were on level 2 of the Orcish Mines.
You worshipped Hepliaklqana.
Hepliaklqana was greatly pleased with you.
You visited 3 branches of the dungeon, and saw 15 of its levels.

You collected 1496 gold pieces.

Inventory:

Hand Weapons
 e - a +2 dagger of electrocution
 K - a +0 shortbow
 Q - a +4 spear of freezing
 T - a +4 scimitar of flaming (weapon)
 W - the +8 dagger "Niteigim" {antimagic, rC+ rN+ Int-5}
   (You found it on level 11 of the Dungeon)

   It reduces the magical energy of the wielder, and disrupts the spells and
   magical abilities of those it strikes.
   Natural abilities and divine invocations are not affected.
   Int:       It affects your intelligence (-5).
   rC:        It protects you from cold.
   rN:        It protects you from negative energy.
Missiles
 c - 30 poisoned darts
 h - 423 stones
 n - 16 boomerangs
 L - 395 arrows
Armour
 g - a +0 pair of boots (worn)
 i - a +0 pair of gloves (worn)
 w - a +2 helmet (worn)
 C - an orb of energy
 D - +0 steam dragon scales (worn)
 X - a scarf of resistance (worn)
Magical Staves
 f - a staff of earth
Jewellery
 j - a +4 ring of evasion (left hand)
 x - an amulet of the acrobat (around neck)
 I - an amulet of guardian spirit
 R - a ring of protection from cold (right hand)
 U - a ring of resist corrosion
Wands
 o - a wand of charming (4)
 s - a wand of flame (13)
 t - a wand of iceblast (12)
 M - a wand of digging (5)
 V - a wand of polymorph (2)
Scrolls
 a - a scroll of amnesia
 b - a scroll of identify
 l - 2 scrolls of fog
 p - 4 scrolls of fear
 r - 2 scrolls of enchant armour
 y - 4 scrolls of teleportation
 F - 2 scrolls of noise
 O - a scroll of enchant weapon {unknown}
 S - 4 scrolls of magic mapping
Potions
 d - a potion of haste {unknown}
 k - a potion of berserk rage {unknown}
 m - 3 potions of brilliance {unknown}
 q - 2 potions of degeneration {unknown}
 u - 5 potions of flight
 v - 2 potions of might {unknown}
 z - 5 potions of lignification
 A - 3 potions of ambrosia
 B - 2 potions of mutation {unknown}
 E - a potion of cancellation {unknown}
 G - a potion of resistance {unknown}
 H - 2 potions of experience {unknown}
 J - 2 potions of heal wounds {unknown}
 N - a potion of invisibility {unknown}
 P - 5 potions of curing


   Skills:
 + Level 2.6 Fighting
 + Level 1.5(2.8) Short Blades
 + Level 3.3(3.5) Long Blades
 + Level 1.2 Bows
 + Level 6.2 Dodging
 + Level 5.1 Stealth
 + Level 0.7 Unarmed Combat
 + Level 13.0 Spellcasting
 + Level 1.9 Summonings
 + Level 11.4 Ice Magic
 + Level 7.8 Air Magic
 + Level 7.3 Poison Magic


You had 21 spell levels left.
You knew the following spells:

 Your Spells              Type           Power      Damage    Failure   Level
a - Freeze                Ice            100%       1d11      1%          1
b - Frozen Ramparts       Ice            100%       1d12      1%          3
c - Poisonous Vapours     Pois/Air       94%        N/A       1%          2
d - Ozocubu's Armour      Ice            60%        N/A       1%          3
e - Call Imp              Summ           22%        N/A       3%          2
f - Mephitic Cloud        Conj/Pois/Air  36%        N/A       1%          3
g - Teleport Other        Tloc           14%        N/A       13%         3

Your spell library contained the following spells:

 Spells                   Type           Power      Damage    Failure   Level
 Corpse Rot               Necr/Air       62%        N/A       1%          2
 Magic Dart               Conj           56%        1d5       4%          1
 Hailstorm                Conj/Ice       39%        3d9       4%          4
 Gell's Gravitas          Tloc           14%        N/A       13%         3
 Lesser Beckoning         Tloc           14%        N/A       13%         3


Dungeon Overview and Level Annotations

Branches:
Dungeon (12/15)            Temple (1/1) D:5            Lair (0/6) D:11
    Orc (2/2) D:12            Elf (0/3) Orc:2

Altars:
Ashenzari
Cheibriados
Dithmenos
Elyvilon
Fedhas
Gozag
Hepliaklqana
Kikubaaqudgha
Makhleb
Nemelex Xobeh
Okawaru
Qazlal
Ru
Sif Muna
Trog
Uskayaw
Vehumet
Wu Jian
Xom
Yredelemnul
Zin
The Shining One
Beogh

Shops:
D:12 (   Orc:2 [!

Annotations:
D:9 2 transporters, Ablot's ghost, journeyman GnWr
Orc:1 2 transporters, hitsuchi's ghost, journeyman DsAK
Orc:2 Saint Roka


Innate Abilities, Weirdness & Mutations

Your life essence is reduced to manifest your ancestor. (-10% HP)
Your natural rate of healing is accelerated.
You have razor-sharp teeth.
You have supernaturally acute eyesight. (SInv)
You are afflicted with vampirism and can become a bat while bloodless.


Message History

Aiming: Poisonous Vapours (safe; 1% risk of failure)
Press: ? - help, Dir - move target, f - Saint Roka
Aim: Saint Roka, wielding a +2 war axe of venom and wearing a +2 plate armour of positive energy (severely wounded, extremely poisoned, ally target)
Okay, then.
Your crimson imp hits Saint Roka but does no damage.
Saint Roka invokes the aid of Beogh against your crimson imp.
Your crimson imp is smitten.
Your crimson imp dies!
Your crimson imp disappears in a puff of smoke!
Casting: Poisonous Vapours (safe; 1% risk of failure)
Confirm with . or Enter, or press ? or * to list all spells.
You don't have enough magic to cast this spell.
Casting: Poisonous Vapours (safe; 1% risk of failure)
Confirm with . or Enter, or press ? or * to list all spells.
A beastly little devil appears in a puff of flame.
Saint Roka mumbles some strange prayers to Beogh against you.
Beogh smites you!
Saint Roka mumbles some strange prayers to Beogh against you.
Beogh smites you!
* * * LOW HITPOINT WARNING * * *
Saint Roka completely misses your crimson imp.
Saint Roka hits your crimson imp with a +2 war axe of venom!!
Your crimson imp dies!
Your crimson imp disappears in a puff of smoke!
Casting: Call Imp (safe; 3% risk of failure)
Confirm with . or Enter, or press ? or * to list all spells.
You don't have enough magic to cast this spell.
Casting: Call Imp (safe; 3% risk of failure)
Confirm with . or Enter, or press ? or * to list all spells.
Aiming: Poisonous Vapours (safe; 1% risk of failure)
Press: ? - help, Dir - move target, f - Saint Roka
Aim: Saint Roka, wielding a +2 war axe of venom and wearing a +2 plate armour of positive energy (almost dead, very poisoned) Poisonous vapours surround Saint Roka!
Saint Roka looks as sick as possible!
The frozen ramparts melt away.
Saint Roka mumbles some strange prayers to Beogh against you.
Beogh smites you!
* * * LOW HITPOINT WARNING * * *
You feel better.
Saint Roka hits you with a +2 war axe of venom!
You die...

#.# #.# #.# '...' #.#
#.# #...# #.# #.#
##)8.#####.# #.#
.#)..#.. #.# #.#
'.)['. #.# #.# #...#
#.# #.# ##)o)## #.#
#.## #8@).8# ##.#
#..###.....###..#
##...##[)'##...##
###.........###
###.8.8.### #.....##
######### #####...##
#.......###.#....###
#.#####.##...[..##.##
##


You could see Saint Roka (extremely poisoned).

Vanquished Creatures
  Gastronok (D:11)
  A hydra (D:10)
  2 boulder beetles
  Erica (D:8)
  6 two-headed ogres
  A deep elf pyromancer (D:12)
  An orc knight (Orc:2)
  2 manticores (D:11)
  3 orc sorcerers
  2 ugly things (D:11)
  3 cyclopes
  3 centaur zombies (D:10)
  A komodo dragon (D:11)
  9 trolls
  4 slime creatures (D:12)
  Sigmund (D:2)
  A shadow (D:11)
  A vampire (D:12)
  3 wyverns
  4 yaks (D:11)
  2 steam dragons
  2 wargs (Orc:2)
  A vampire mosquito (D:11)
  2 acid dragons (D:10)
  29 orc warriors
  A water moccasin (D:9)
  An ice beast (D:6)
  2 sky beasts
  A necrophage (D:5)
  9 centaurs
  3 ogres
  A phantom (D:7)
  2 kobold brigands
  3 bullfrogs
  A wyvern zombie (D:8)
  2 ancestors (Orc:2)
  2 water moccasin skeletons (D:5)
  11 killer bees (D:9)
  4 wights (D:8)
  3 howler monkeys
  A bullfrog zombie (D:3)
  18 orc priests
  3 jellies
  A gnoll shaman (D:8)
  4 centaur skeletons
  Jessica (D:2)
  3 iguanas
  Terence (D:1)
  20 orc wizards
  A scorpion zombie (D:5)
  A hound skeleton (D:5)
  A howler monkey zombie (D:9)
  6 adders
  11 gnolls
  A white imp (D:8)
  An adder skeleton (D:4)
  A worm (D:2)
  6 dart slugs
  60 orcs
  6 ball pythons
  6 bats
  5 endoplasms
  2 giant cockroaches
  8 goblins
  4 hobgoblins
  5 jackals (D:1)
  A quokka (D:1)
  3 frilled lizards
  17 kobolds
  2 rats
  A bush (D:1)
333 creatures vanquished.

Vanquished Creatures (collateral kills)
  A deep elf pyromancer (D:11)
  An orc sorcerer (Orc:2)
  A cyclops (D:11)
  A wyvern (D:11)
  2 basilisks
  A warg (Orc:1)
  5 orc warriors
  3 ogres
  4 centaurs
  A kobold brigand (D:9)
  A gnoll sergeant (D:11)
  A wyvern skeleton (D:7)
  2 howler monkeys (D:12)
  A bullfrog skeleton (D:5)
  7 orc priests
  7 orc wizards
  A howler monkey zombie (D:9)
  21 orcs
  A quokka (D:5)
62 creatures vanquished.

Vanquished Creatures (others)
  A centaur (D:12)
  32 ancestors
  11 fungi (D:3)
  6 plants
50 creatures vanquished.

Grand Total: 445 creatures vanquished

Notes
Turn   | Place    | Note
-------+----------+-------------------------------------------
     0 | D:1      | 101zpm the Vampire Ice Elementalist began the quest for the
                  | Orb.
     0 | D:1      | Reached XP level 1. HP: 13/13 MP: 3/3
   145 | D:1      | Reached XP level 2. HP: 15/19 MP: 0/5
   666 | D:1      | Gained mutation: You are afflicted with vampirism and can
                  | become a bat while bloodless. [Vampire growth]
   666 | D:1      | Reached XP level 3. HP: 16/24 MP: 1/6
  1550 | D:2      | Noticed Jessica
  1567 | D:2      | Noticed Terence
  1582 | D:2      | Killed Jessica
  1582 | D:2      | HP: 1/24 [frozen (3)]
  1583 | D:2      | Reached XP level 4. HP: 2/30 MP: 4/7
  1779 | D:3      | Reached skill level 5 in Ice Magic
  1867 | D:2      | Noticed Sigmund
  2138 | D:1      | Killed Terence
  2754 | D:3      | Reached XP level 5. HP: 32/35 MP: 5/9
  2796 | D:3      | Found a blossoming altar of Fedhas.
  2808 | D:3      | Reached skill level 3 in Spellcasting
  2969 | D:3      | Found a faded altar of an unknown god.
  3442 | D:4      | Reached XP level 6. HP: 36/41 MP: 7/11
  3776 | D:5      | Entered Level 5 of the Dungeon
  3868 | D:7      | Found an iron altar of Okawaru.
  3878 | D:7      | Noticed a steam dragon
  3894 | D:6      | Reached skill level 4 in Spellcasting
  3980 | D:6      | Noticed an ice beast
  4178 | D:4      | Reached XP level 7. HP: 30/47 MP: 7/13
  4529 | D:5      | Found a staircase to the Ecumenical Temple.
  4565 | Temple   | Entered the Ecumenical Temple
  4727 | Temple   | Became a worshipper of Hepliaklqana the Forgotten
  4768 | D:6      | Killed a steam dragon
  4769 | D:6      | Reached skill level 1 in Short Blades
  4769 | D:6      | Reached skill level 5 in Spellcasting
  5555 | D:6      | Reached * piety under Hepliaklqana
  5648 | D:2      | Killed Sigmund
  5649 | D:2      | Reached skill level 1 in Fighting
  5649 | D:2      | Reached XP level 8. HP: 39/48 MP: 11/16
  6100 | D:7      | Reached skill level 6 in Spellcasting
  6107 | D:7      | Learned a level 3 spell: Frozen Ramparts
  6110 | D:7      | Learned a level 2 spell: Poisonous Vapours
  6618 | D:7      | Reached skill level 1 in Bows
  6921 | D:7      | Reached skill level 1 in Air Magic
  6921 | D:7      | Reached skill level 1 in Poison Magic
  7454 | D:8      | Reached XP level 9. HP: 53/53 MP: 4/19
  7620 | D:8      | Learned a level 3 spell: Ozocubu's Armour
  7646 | D:8      | Reached skill level 7 in Spellcasting
  8160 | D:8      | Found an opulent altar of Gozag.
  8235 | D:8      | Noticed a +0 falchion
  8235 | D:8      | Noticed a +0 dagger
  8236 | D:8      | Noticed a +0 spear
  8237 | D:8      | Noticed a +0 spear
  8237 | D:8      | Noticed a +0 short sword
  8237 | D:8      | Noticed a +0 dagger
  8238 | D:8      | Noticed a +0 short sword
  8239 | D:8      | Noticed a +0 falchion
  9083 | D:8      | Found a hide-covered altar of Uskayaw.
  9105 | D:8      | Noticed Erica
  9116 | D:8      | Killed Erica
  9117 | D:8      | Reached skill level 5 in Dodging
 10170 | D:9      | Reached ** piety under Hepliaklqana
 10357 | D:9      | Reached skill level 8 in Spellcasting
 10469 | D:9      | Noticed a two-headed ogre
 10471 | D:9      | Noticed a seven-headed hydra
 10473 | D:9      | Noticed a tengu warrior
 10474 | D:9      | Noticed a red ugly thing
 10476 | D:9      | Noticed Ablot's ghost (journeyman GnWr)
 10477 | D:9      | Noticed a tengu conjurer
 10482 | D:9      | Found a transporter.
 10498 | D:9      | Found a transporter.
 10951 | D:9      | Noticed a troll
 10963 | D:9      | Killed a troll
 11159 | D:9      | Found a sparkling altar of Nemelex Xobeh.
 11169 | D:9      | Reached XP level 10. HP: 59/59 MP: 8/22
 12006 | D:9      | Noticed a two-headed ogre
 12012 | D:9      | Killed a two-headed ogre
 12212 | D:9      | Reached skill level 9 in Spellcasting
 12379 | D:10     | Entered Level 10 of the Dungeon
 12379 | D:10     | Noticed a two-headed ogre
 12692 | D:10     | Noticed a boulder beetle
 12700 | D:10     | Reached skill level 1 in Long Blades
 12705 | D:10     | Killed a boulder beetle
 12849 | D:10     | Killed a two-headed ogre
 12850 | D:10     | Reached skill level 5 in Stealth
 12949 | D:10     | Noticed a two-headed ogre
 12958 | D:10     | Killed a two-headed ogre
 12959 | D:10     | Reached skill level 5 in Air Magic
 12959 | D:10     | Reached XP level 11. HP: 51/64 MP: 0/24
 12963 | D:10     | Reached skill level 5 in Poison Magic
 13486 | D:10     | Reached *** piety under Hepliaklqana
 13908 | D:11     | Reached skill level 10 in Spellcasting
 14095 | D:11     | Noticed a cyan ugly thing
 14107 | D:11     | Killed a cyan ugly thing
 14110 | D:11     | Noticed Gastronok
 14236 | D:12     | Found Fouckiamp's Antique Weapon Boutique.
 14435 | D:11     | Killed Gastronok
 14551 | D:11     | Identified the +8 dagger "Niteigim" {antimagic, rC+ rN+
                  | Int-5}
 14646 | D:11     | Noticed a deep elf pyromancer
 14660 | D:11     | Killed a deep elf pyromancer
 14661 | D:11     | Reached skill level 10 in Ice Magic
 15090 | D:11     | Noticed a six-headed hydra
 15094 | D:11     | Noticed a boulder beetle
 15107 | D:11     | Killed a boulder beetle
 15108 | D:11     | Reached skill level 11 in Spellcasting
 15609 | D:11     | Noticed a brown ugly thing
 15632 | D:11     | Killed a brown ugly thing
 15657 | D:11     | Noticed a two-headed ogre
 15680 | D:11     | Killed a two-headed ogre
 16056 | D:11     | Reached XP level 12. HP: 61/70 MP: 20/27
 16354 | D:11     | Found a staircase to the Lair.
 17033 | D:5      | Learned a level 2 spell: Call Imp
 17037 | D:5      | Learned a level 3 spell: Mephitic Cloud
 18406 | D:12     | Noticed a two-headed ogre
 18410 | D:12     | Noticed a two-headed ogre
 18416 | D:12     | Killed a two-headed ogre
 18420 | D:12     | Killed a two-headed ogre
 19338 | D:12     | Reached skill level 12 in Spellcasting
 19561 | D:12     | Found a staircase to the Orcish Mines.
 20209 | D:10     | Killed a six-headed hydra
 20536 | Orc:1    | Entered Level 1 of the Orcish Mines
 21512 | Orc:1    | Found a transporter.
 21516 | Orc:1    | Noticed hitsuchi's ghost (journeyman DsAK)
 21988 | Orc:1    | Found a transporter.
 21993 | Orc:1    | Found the +2 cloak of the Thief {*Fog Slay-2 SInv Stlth+}
 22280 | Orc:2    | Entered Level 2 of the Orcish Mines
 22280 | Orc:2    | Reached **** piety under Hepliaklqana
 22548 | Orc:2    | Reached skill level 1 in Summonings
 24127 | Orc:2    | Found a staircase to the Elven Halls.
 25598 | Orc:2    | Found Sem Tyi's Distillery.
 25674 | Orc:2    | Reached XP level 13. HP: 68/76 MP: 1/29
 26314 | Orc:2    | Found Cius's Antique Armour Shop.
 26323 | Orc:2    | Learned a level 3 spell: Teleport Other
 26751 | Orc:2    | Reached skill level 13 in Spellcasting
 26757 | Orc:2    | HP: 2/76 [ogre/+0 giant club[Saint Roka] (17)]
 27418 | Orc:2    | Noticed Saint Roka
 27592 | Orc:2    | Slain by Saint Roka

Illustrated notes

Levels and vault maps discovered:
D:1:      ebering_trefoil_twist, layout_basic, serial_forest,
          infiniplex_forest_fountain, infiniplex_forest_straight_4,
          infiniplex_forest_clump_curved, infiniplex_forest_pool,
          infiniplex_forest_clump_curved, kennysheep_flooded_box
D:2:      layout_rooms, uniq_sigmund, uniq_jessica, uniq_terence
D:3:      layout_basic, fedhas_altar_3, dilly_ecumenical_altar_fadedgnrine,
          hangedman_decor_peaks_small
D:4:      layout_rooms
D:5:      layout_rooms, minmay_temple_entry_butterflies,
          amcnicky_mini_pool_small, minmay_fractal_squares_gapless_5
D:6:      layout_basic
D:7:      layout_loops_cross, okawaru_trees_1
D:8:      layout_loops_ring, nicolae_uskayaw_en_pointe,
          nicolae_gozag_seed_capital, minivault_22, uniq_erica
D:9:      layout_gridville, nemelex_xobeh_ov_fountains_minmay, kennysheep_mini,
          nzn_ghost_randoct
D:10:     layout_long_grid
D:11:     minmay_clustersquares, layout_cave_pools, erik_lair_dragon,
          uniq_gastronok
D:12:     layout_loops_ring, orc_0_dummy, serial_shops,
          nicolae_shop_hallway_plus
Temple:   regret_index_temple_sphere_string
Orc:1:    layout_caves, gammafunk_ghost_berserking_beasts, basic_altar
Orc:2:    grunt_orc_community_town_hall, layout_diamond_mine,
          grunt_orc_community_big_house_1, grunt_orc_community_big_house_2,
          grunt_orc_community_house_2, grunt_orc_community_house_1,
          grunt_orc_community_house_3, grunt_orc_community_house_2,
          grunt_orc_community_house_2

Skill      XL: |  1  2  3  4  5  6  7  8  9 10 11 12 13 |
---------------+----------------------------------------+-----
Ice Magic      | 5 6 7 9 10 11 | 11.4
Spellcasting   | 3 4 5 6 8 9 11 12 13 | 13.0
Dodging        | 3 4 5 6 |  6.2
Stealth        | 4 5 |  5.1
Short Blades   | 1 |  1.5
Fighting       | 1 2 |  2.6
Bows           | 1 |  1.2
Air Magic      | 2 3 5 6 7 |  7.8
Poison Magic   | 1 3 4 6 7 |  7.3
Long Blades    | 2 3 |  3.3
Summonings     | 1 |  1.9
Unarmed Combat | |  0.7

Action                   |  1- 3 |  4- 6 |  7- 9 | 10-12 | 13-15 || total
-------------------------+-------+-------+-------+-------+-------++-------
Melee: Unarmed           |    16 |       |       |       |       ||    16
       Bite              |     1 |     9 |     9 |     6 |       ||    25
       Punch             |     1 |     3 |     1 |     2 |       ||     7
       Dagger            |     2 |    52 |    41 |       |       ||    95
       Scimitar          |       |       |     1 |    57 |       ||    58
       Spear             |       |       |     1 |       |       ||     1
 Fire: Shortbow          |       |       |    15 |       |       ||    15
Throw: Dart              |     2 |       |       |       |       ||     2
 Cast: Freeze            |    47 |    88 |    86 |    65 |       ||   286
       Poisonous Vapours |       |       |    79 |   278 |    62 ||   419
       Frozen Ramparts   |       |       |    36 |    84 |    12 ||   132
       Ozocubu's Armour  |       |       |     3 |    31 |     3 ||    37
       Call Imp          |       |       |       |    31 |    13 ||    44
       Mephitic Cloud    |       |       |       |     9 |    10 ||    19
       Teleport Other    |       |       |       |       |     1 ||     1
Invok: Ancestor Identity |       |       |     1 |       |       ||     1
 Abil: Exsanguinate      |     1 |       |       |       |       ||     1
  Use: Scroll            |       |       |       |    12 |     1 ||    13
       Potion            |       |       |       |       |     3 ||     3
 Stab: Distracted        |       |       |       |     1 |       ||     1
Armor: Robe              |     7 |    20 |     5 |       |       ||    32
       Steam dragon scal |       |       |    43 |    86 |     3 ||   132
Dodge: Dodged            |    33 |    53 |   268 |   319 |    15 ||   688
